AoeStats
← sma.amit

Arabia

509414735Analyzed
1v1 RM · 6d ago on Sep 26, 2026· 49m 55s· 2 players
Game mode
Random Map
Map size
Tiny (2 player)
Population
200
Speed
Normal
Resources
Standard
Victory
Conquest
Starting age
Dark Age
Ending age
Imperial Age
RankedLock teamsTeams togetherTeam positionsShared explorationLock speedFull tech treeHidden civsTurbo modeCheats
Victory
Defeat
🇮🇳 Danes · India
1085
+17
🇮🇳 Vietnamese · India
1114
-17
sma.amit
6:37 Loom
8:38 Feudal Age
9:43 Double-Bit Axe
20:37 Castle Age
18:57 Fletching
19:07 Padded Archer Armor
21:24 Horse Collar
21:57 Bow Saw
22:03 Bloodlines
21:59 Scale Barding Armor
21:50 Bodkin Arrow
21:59 Gold Mining
22:22 Elite Skirmisher
24:44 Scale Barding Armor
26:39 Leather Archer Armor
30:34 Wheelbarrow
30:24 Town Watch
31:41 Hand Cart
32:35 Chain Barding Armor
32:19 Husbandry
37:18 Imperial Age
37:21 Heavy Scorpion
40:54 Ballistics
41:34 Chemistry
45:43 Siege Engineers
45:34 Pikeman
46:14 Squires
46:01 Gambesons
46:36 Halberdier
47:19 Scale Mail Armor
47:20 Bracer
48:26 Chain Mail Armor
49:03 Forging
49:49 Plate Mail Armor
myandacct2
8:45 Loom
11:15 Feudal Age
11:55 Double-Bit Axe
15:52 Horse Collar
16:25 Fletching
20:05 Padded Archer Armor
21:42 Gold Mining
25:21 Castle Age
25:33 Bloodlines
27:35 Bow Saw
27:30 Heavy Plow
26:56 Crossbowman
28:07 Husbandry
28:52 Wheelbarrow
31:35 Scale Barding Armor
32:29 Forging
33:45 Hand Cart
33:39 Town Watch
33:53 Bodkin Arrow
34:13 Stone Mining
35:35 Leather Archer Armor
35:57 Iron Casting
35:45 Chain Barding Armor
36:33 Thumb Ring
41:35 Iron Casting
45:50 Imperial Age
43:22 Town Patrol
46:47 Stone Shaft Mining
46:03 Elite Battle Elephant
46:05 Arbalester
47:19 Bracer
50:51 Plate Barding Armor
Connection lost

Rejoining the realm…

Still unreachable

The connection could not be restored.

Session expired

The server has moved on; the page needs a fresh start.